 Dungeon Crawl Stone Soup version 0.19-a0-1008-g4c63d25 (webtiles) character file.

78747 mistymad the Fighter (level 15, 0/139 HPs)
             Began as a Ghoul Monk on July 22, 2016.
             Was a High Priest of Qazlal.
             Incinerated by a smoke demon (1 damage)
             ... with a sticky flame
             ... on level 2 of the Abyss.
             The game lasted 01:13:49 (22823 turns).

mistymad the Fighter (Ghoul Monk)                  Turns: 22823, Time: 01:13:50

Health: 0/139      AC: 27    Str: 17 (22) XL:     15   Next: 61%
Magic:  19/20      EV:  8    Int:  0 (5)  God:    Qazlal [*****.]
Gold:   1767       SH: 19    Dex: 15 (17) Spells: 0 memorised, 14 levels left

rFire  . . .     SeeInvis .     R - +0 morningstar
rCold  + . .     Gourm    .     x - +0 plate armour
rNeg   + + +     Faith    .     n - +0 shield
rPois  ∞         Spirit   .     (no helmet)
rElec  .         Dismiss  +     Z - +1 cloak
rCorr  .         Reflect  .     O - +1 pair of gloves
SustAt .         Harm     .     Y - +2 pair of boots {run}
MR     +....                    G - amulet of dismissal
Stlth  ..........               A - +2 ring of evasion
                                N - +6 ring of dexterity

@: liquid flames, protected from physical damage, rotting, slowed, lost
intelligence, glowing, repel missiles, very slow, somewhat resistant to hostile
enchantments, extremely unstealthy
A: rotting body, claws 1, carnivore 3, cold resistance 1, negative energy
resistance 3, slow regeneration 1, torment resistance, unbreathing
a: Upheaval, Elemental Force, Disaster Area, Renounce Religion


You were on level 2 of the Abyss.
You worshipped Qazlal.
Qazlal was extremely pleased with you.
You were not hungry.

You visited 4 branches of the dungeon, and saw 22 of its levels.
You visited the Abyss 1 time.

You collected 1887 gold pieces.
You spent 120 gold pieces at shops.

Inventory:

Hand Weapons
 i - a +2 whip of electrocution
 R - a +0 morningstar (weapon)
Missiles
 B - a throwing net (quivered)
Armour
 n - a +0 shield (worn)
 x - a +0 plate armour (worn)
 O - a +1 pair of gloves (worn)
 Y - a +2 pair of boots of running (worn)
 Z - a +1 cloak (worn)
Jewellery
 a - an uncursed ring of ice
 g - an uncursed ring of protection from magic
 u - an uncursed ring of see invisible
 A - a +2 ring of evasion (right hand)
 E - an uncursed ring of flight
 G - an amulet of dismissal (around neck)
 N - a +6 ring of dexterity (left hand)
Wands
 f - a wand of confusion (19/48)
 m - a wand of paralysis (10/24)
 t - a wand of slowing (24/48)
 y - a wand of polymorph (12/24)
 D - a wand of iceblast (8/15)
 H - a wand of digging (20/24)
 J - a wand of disintegration (13/24)
 K - a wand of lightning (8/15)
 L - a wand of digging (3/24)
 T - a wand of disintegration (6/24)
 V - a wand of disintegration (12/24)
 W - a wand of flame (26/48)
 X - a wand of acid (8/15)
Scrolls
 e - 4 scrolls of remove curse
 k - 3 scrolls of teleportation
 o - 2 scrolls of enchant weapon
 p - 4 scrolls of fear
 r - 3 scrolls of enchant armour
 z - 6 scrolls of immolation
 C - a scroll of magic mapping
 I - a scroll of fog
 M - a scroll of identify
 P - a scroll of summoning
 Q - 6 scrolls of recharging
Potions
 b - 2 potions of magic
 d - 3 potions of flight
 h - a potion of brilliance
 j - 5 potions of curing
 l - 4 potions of ambrosia
 s - a potion of resistance
 v - a potion of cancellation
Comestibles
 c - 8 meat rations
 q - 2 slices of pizza
 w - 3 beef jerkies
 U - 7 royal jellies


   Skills:
 + Level 14.7 Fighting
 + Level 12.7 Maces & Flails
 + Level 12.2 Armour
 - Level 2.6 Dodging
 - Level 2.1 Stealth
 + Level 11.3 Shields
 + Level 8.0 Invocations


You had 14 spell levels left.
You didn't know any spells.

Dungeon Overview and Level Annotations

Branches:
Dungeon (13/15)            Temple (1/1) D:7            Lair (6/6) D:9
  Swamp (0/4) Lair:4        Snake (0/4) Lair:3        Slime (0/5) Lair:5
    Orc (2/2) D:11            Elf (0/3) Orc:2
 Vaults: D:13-14

Altars:
Ashenzari
Cheibriados
Dithmenos
Elyvilon
Fedhas
Gozag
Hepliaklqana
Kikubaaqudgha
Makhleb
Nemelex Xobeh
Okawaru
Pakellas
Qazlal
Ru
Sif Muna
Trog
Uskayaw
Vehumet
Xom
Yredelemnul
Zin
The Shining One
Jiyva

Shops:
D:8 !

Annotations:
D:3 epen's ghost, weakling TeFE
D:5 epen's ghost, novice TeFE
D:7 epen's ghost, novice TeFE
D:8 Grum
Orc:2 Erolcha


Innate Abilities, Weirdness & Mutations

Your body is rotting away.
You thrive on raw meat.
You are immune to poison.
You have sharp fingernails.
You are carnivorous and can eat meat at any time.
Your flesh is cold resistant. (rC+)
You are immune to negative energy. (rN+++)
You regenerate slowly when monsters are visible.
You are immune to unholy pain and torment.
You can survive without breathing.


Message History

The bone dragon bites you.
* * * LOW HITPOINT WARNING * * *
Your resistance to fire fades away.
You feel protected from physical attacks.
You block the bone dragon's attack. x2
The smoke demon is engulfed in freezing vapours.
You kill the smoke demon!
Qazlal accepts your kill.
Your Invocations skill increases to level 8!
You feel your dexterity returning.
The bone dragon bites you but does no damage.
The bone dragon claws you.
* * * LOW HITPOINT WARNING * * *
You feel more protected from physical attacks.
The bone dragon tramples you!
* * * LOW HITPOINT WARNING * * *
You stumble backwards!
You take 23 damage, and have 1/139 hp.
You are covered in liquid flames!
You die...

.......## #. # . . .
#.......###
.......#..... . .# .#
......#.. ....### . .
....#.##...# . ....
..#.#.... .##
............####..#..
.###.#..#(##....#
#.x##.§@.# ##. ##§.##
# #.D#
≈....§..§......
≈.......§§.....
≈≈≈.##X.##..##. ≈≈≈≈
#..# $.# ≈≈≈ .... ...
≈≈ ≈≈.. ...


You could see a bone dragon and a large abomination.

Vanquished Creatures
  An ophan (Abyss:1)
  Azrael (Orc:2)
  An ettin (Orc:2)
  A ghost crab (shapeshifter) (D:12)
  7 hydras
  16 death yaks
  Urug (Lair:2)
  Sonja (Lair:2)
  A shadow wraith (Abyss:1)
  A wretched star (Abyss:1)
  2 skeletal warriors
  A large abomination (Abyss:1)
  2 hill giants
  2 unseen horrors
  Pikel (D:6)
  An orc knight (Orc:2)
  2 griffons
  4 cyclopes
  2 deep elf magi (Orc:2)
  An ugly thing (D:12)
  12 elephants
  2 worldbinders
  2 black mambas
  A sixfirhy (Abyss:1)
  7 torpor snails
  A gargoyle (D:13)
  A smoke demon (Abyss:2)
  2 orange demons (Abyss:1)
  16 spiny frogs
  8 komodo dragons
  9 rime drakes
  An ancient zyme (Abyss:1)
  2 trolls
  A queen bee (D:10)
  2 boulder beetles (Lair:6)
  4 blink frogs (Lair:5)
  3 vampires
  10 wyverns
  A shadow (D:12)
  65 yaks
  Eustachio (D:6)
  A fire elemental (Orc:2)
  2 wraiths
  7 basilisks
  3 hungry ghosts
  19 hippogriffs
  A mottled dragon (D:10)
  4 wargs
  The ghost of p0werm0de the Ducker, an amateur DECK of Xom (D:4)
  A swamp worm (Lair:6)
  10 water moccasins
  8 hell hounds
  8 porcupines
  A swamp drake (Orc:2)
  10 orc warriors
  5 sky beasts
  3 small abominations (Abyss:1)
  A slave (D:6)
  An eye of draining (D:11)
  An ice beast (D:11)
  2 black bears
  2 necrophages
  A wasp (D:8)
  A phantom (D:11)
  8 wolves
  10 centaurs
  6 ogres
  14 crocodiles
  12 giant frogs
  4 big kobolds
  A gnoll sergeant (D:8)
  3 troll zombies (D:11)
  6 scorpions
  23 killer bees (D:10)
  A giant frog zombie (D:11)
  5 crimson imps
  5 jellies
  10 orc priests
  3 hounds
  3 quasits
  A centaur skeleton (D:8)
  3 giant frog skeletons
  An iron imp (Orc:2)
  4 iguanas
  23 orc wizards
  9 worker ants
  32 sheep
  A killer bee zombie (D:10)
  3 ogre zombies (D:11)
  2 hound zombies
  3 hound skeletons
  3 gnolls (D:8)
  15 adders
  36 river rats
  3 shadow imps
  13 white imps
  An ufetubus (Abyss:1)
  An ooze (D:1)
  3 adder zombies
  3 adder skeletons
  A worm (D:2)
  2 dart slugs
  9 giant geckos
  63 orcs
  2 ball pythons
  A bat zombie (D:1)
  10 giant cockroaches
  11 goblins
  7 hobgoblins
  10 jackals
  8 quokkas
  A ball python skeleton (D:5)
  7 bats
  A giant gecko zombie (D:8)
  3 giant newts
  A goblin skeleton (D:11)
  2 goblin zombies (D:11)
  A hobgoblin zombie (D:11)
  A jackal skeleton (D:4)
  21 kobolds
  3 orc skeletons (D:11)
  12 orc zombies (D:11)
  A quokka skeleton (D:5)
  6 rats
  A bush (Lair:5)
  40 fungi
  A lurking horror (Abyss:1)
  24 plants
  A starspawn tentacle (Abyss:1)
818 creatures vanquished.

Vanquished Creatures (collateral kills)
  A death yak (Lair:5)
1 creature vanquished.

Vanquished Creatures (others)
  A lindwurm (Lair:6)
  A stone giant skeleton (Abyss:1)
  A wyvern (D:12)
  A slave (D:6)
  4 orc wizards
  6 orcs
  9 fungi
  5 plants
  2 starspawn tentacles (Abyss:1)
30 creatures vanquished.

Grand Total: 849 creatures vanquished

Notes
Turn   | Place    | Note
-------+----------+-------------------------------------------
     0 | D:1      | mistymad the Ghoul Monk began the quest for the Orb.
     0 | D:1      | Reached XP level 1. HP: 19/19 MP: 0/0
   159 | D:1      | Reached XP level 2. HP: 26/26 MP: 1/1
   530 | D:1      | Reached skill level 4 in Fighting
   530 | D:1      | Reached XP level 3. HP: 12/33 MP: 2/2
   921 | D:1      | Reached skill level 1 in Armour
  1428 | D:2      | Reached XP level 4. HP: 16/41 MP: 3/3
  2357 | D:3      | Noticed epen's ghost (weakling TeFE)
  2396 | D:2      | Reached XP level 5. HP: 17/47 MP: 4/4
  3068 | D:3      | Found a glowing silver altar of Zin.
  3369 | D:4      | Reached skill level 5 in Fighting
  3497 | D:4      | Got a warped spear
  3498 | D:4      | Identified the +6 spear of the Valley of Death {pierce, Int+6} (You found it on level 4 of the Dungeon)
  3544 | D:4      | Reached XP level 6. HP: 56/56 MP: 5/5
  3651 | D:4      | Noticed p0werm0de's ghost (amateur DECK)
  3677 | D:4      | Killed p0werm0de's ghost
  4098 | D:5      | Entered Level 5 of the Dungeon
  4137 | D:5      | Reached XP level 7. HP: 60/62 MP: 6/6
  4156 | D:5      | Found a hazy altar of Hepliaklqana.
  4334 | D:5      | Reached skill level 6 in Fighting
  4392 | D:5      | Found a blossoming altar of Fedhas.
  4444 | D:5      | Reached skill level 5 in Maces & Flails
  5057 | D:5      | Noticed epen's ghost (novice TeFE)
  5576 | D:5      | Reached XP level 8. HP: 49/70 MP: 7/7
  5706 | D:6      | Noticed Eustachio
  5707 | D:6      | Noticed Pikel
  6288 | D:6      | Killed Eustachio
  6288 | D:6      | Reached skill level 7 in Fighting
  6427 | D:6      | Found a sacrificial altar of Ru.
  6498 | D:6      | Killed Pikel
  6498 | D:6      | Reached skill level 8 in Fighting
  6498 | D:6      | Reached skill level 5 in Armour
  6498 | D:6      | Reached XP level 9. HP: 37/81 MP: 8/8
  6916 | D:7      | Found a staircase to the Ecumenical Temple.
  6933 | Temple   | Entered the Ecumenical Temple
  7047 | Temple   | Became a worshipper of Qazlal Stormbringer
  7047 | Temple   | Reached * piety under Qazlal
  7047 | Temple   | Reached ** piety under Qazlal
  7266 | D:7      | Noticed epen's ghost (novice TeFE)
  7781 | D:7      | Reached skill level 1 in Shields
  7833 | D:7      | Found a burning altar of Makhleb.
  8395 | D:8      | Found a white marble altar of Elyvilon.
  8586 | D:8      | Reached *** piety under Qazlal
  8621 | D:8      | Reached skill level 9 in Fighting
  8924 | D:8      | Noticed Grum
  8941 | D:8      | Reached XP level 10. HP: 40/91 MP: 9/9
  9023 | D:8      | Found Ysmovvao's Distillery.
  9031 | D:8      | Bought a potion of might for 60 gold pieces
  9031 | D:8      | Bought a potion of curing for 45 gold pieces
  9031 | D:8      | Bought a potion of degeneration for 15 gold pieces
  9668 | D:9      | Found a snail-covered altar of Cheibriados.
  9896 | D:9      | Found a staircase to the Lair.
 10127 | D:10     | Entered Level 10 of the Dungeon
 10197 | D:10     | Reached **** piety under Qazlal
 10207 | D:10     | Reached skill level 10 in Fighting
 10512 | D:10     | Reached skill level 5 in Shields
 10572 | D:10     | Reached XP level 11. HP: 101/101 MP: 10/10
 10710 | D:10     | Reached ***** piety under Qazlal
 11104 | D:10     | Noticed a hill giant
 11117 | D:10     | Killed a hill giant
 11260 | Lair:1   | Entered Level 1 of the Lair of Beasts
 11279 | Lair:1   | Reached skill level 11 in Fighting
 12085 | Lair:2   | Reached XP level 12. HP: 98/110 MP: 11/11
 12099 | Lair:2   | Noticed Urug
 12165 | Lair:2   | Noticed Sonja
 12215 | Lair:2   | Killed Sonja
 12333 | Lair:2   | Reached skill level 10 in Maces & Flails
 12444 | Lair:2   | Killed Urug
 12901 | Lair:3   | Noticed a death yak
 12901 | Lair:3   | Noticed a death yak
 12902 | Lair:3   | Noticed a death yak
 12903 | Lair:3   | Noticed a death yak
 12905 | Lair:3   | Reached skill level 12 in Fighting
 12910 | Lair:3   | Noticed a death yak
 12913 | Lair:3   | Noticed an eight-headed hydra
 12924 | Lair:2   | Killed a death yak
 12990 | Lair:3   | Noticed an eight-headed hydra
 13074 | Lair:3   | Found a staircase to the Snake Pit.
 13100 | Lair:3   | Killed a death yak
 13106 | Lair:3   | Killed a death yak
 13127 | Lair:3   | Reached ****** piety under Qazlal
 13135 | Lair:3   | Killed an eight-headed hydra
 13141 | Lair:3   | Killed a death yak
 13149 | Lair:3   | Reached skill level 10 in Armour
 13554 | Lair:3   | Killed an eight-headed hydra
 13554 | Lair:3   | Reached XP level 13. HP: 90/119 MP: 12/12
 14063 | Lair:3   | Found a snail-covered altar of Cheibriados.
 14503 | Lair:3   | Reached skill level 13 in Fighting
 14649 | Lair:4   | Reached skill level 1 in Invocations
 14966 | Lair:4   | Found a staircase to the Swamp.
 14975 | Lair:4   | You fall through a shaft!
 15896 | Lair:5   | Found a viscous altar of Jiyva.
 15896 | Lair:5   | Found a staircase to the Slime Pits.
 15946 | Lair:5   | Reached XP level 14. HP: 27/128 MP: 8/15
 16975 | Lair:6   | Entered Level 6 of the Lair of Beasts
 17127 | Lair:5   | Reached skill level 10 in Shields
 17281 | Lair:6   | Reached skill level 5 in Invocations
 17787 | Lair:6   | Reached skill level 14 in Fighting
 19331 | D:11     | Found a staircase to the Orcish Mines.
 19939 | D:11     | Reached XP level 15. HP: 111/139 MP: 19/19
 21553 | Orc:1    | Entered Level 1 of the Orcish Mines
 21939 | Orc:2    | Entered Level 2 of the Orcish Mines
 21939 | Orc:2    | Found a staircase to the Elven Halls.
 22131 | Orc:2    | Noticed Azrael
 22156 | Orc:2    | Killed Azrael
 22409 | Orc:2    | Noticed Erolcha
 22409 | Orc:2    | Cast into level 1 of the Abyss (Erolcha)
 22427 | Abyss:1  | Identified a +2 pair of boots of running (You found it on level 1 of the Abyss)
 22477 | Abyss:1  | Noticed a tentacled starspawn
 22588 | Abyss:1  | Noticed a tentacled starspawn
 22601 | Abyss:1  | Noticed a daeva
 22779 | Abyss:1  | Noticed an ancient lich
 22788 | Abyss:1  | Lost intelligence.
 22792 | Abyss:2  | Found a corrupted altar of Lugonu.
 22821 | Abyss:2  | Noticed a bone dragon
 22822 | Abyss:2  | HP: 1/139 [bone dragon (13)]
 22823 | Abyss:2  | Incinerated by a smoke demon

Vault maps used:
D:1:      saegor_arrival_fortress
D:3:      lemuel_coloured_pillars_altar
D:5:      lemuel_crystal_altar, kennysheep_mini_moat, first_bread,
          minmay_divided_ellipse
D:6:      basic_altar, uniq_pikel, uniq_eustachio
D:7:      old_standard_altar
D:8:      lemuel_doored_altar, serial_shops, kennysheep_little_box, uniq_grum
D:9:      cheibriados_altar_1, erik_lair_orcish_takeover
D:10:     special_room, kennysheep_generic_room_12
D:11:     zombieorc1_lemuel
D:13:     hangedman_vaults_entry_quadrant_bands, serial_shops, shop_fountains,
          blue_anna_alchemist
Temple:   kb_temple_of_zot
Lair:2:   serial_bayou_shore_a, infiniplex_staircase_pool_2, lemuel_fruit_tree,
          uniq_sonja, uniq_urug
Lair:3:   dummy_snake_entry, kennysheep_snail_temple, grunt_megastairs_5
Lair:4:   swamp_mist_pool, special_room
Lair:5:   slime_altar_1, portal_ice_cave_entry_imps
Lair:6:   hangedman_lair_in_review
Orc:2:    st_orc_mages, hangedman_minor_magic, uniq_erolcha, uniq_azrael

Skill      XL: |  1  2  3  4  5  6  7  8  9 10 11 12 13 14 15 |
---------------+----------------------------------------------+-----
Fighting       | 4 5 6 8 9 10 11 12 13 14 | 14.7
Maces & Flails | 3 4 5 6 7 8 9 10 11 12 | 12.7
Armour         | 1 2 3 4 5 6 8 9 10 11 12 | 12.2
Shields        | 3 5 6 8 9 10 11 | 11.3
Invocations    | 3 6 8 |  8.0
Dodging        | |  2.6
Stealth        | |  2.1

Action                   |  1- 3 |  4- 6 |  7- 9 | 10-12 | 13-15 || total
-------------------------+-------+-------+-------+-------+-------++-------
Melee: Mace              |   140 |   166 |    73 |       |       ||   379
       Spear             |       |    44 |   134 |       |       ||   178
       Whip              |       |       |   278 |   850 |    30 ||  1158
       Morningstar       |       |       |       |     4 |  1594 ||  1598
Invok: Elemental Force   |       |       |       |       |     1 ||     1
       Disaster Area     |       |       |       |       |     5 ||     5
 Abil: Stop Flying       |       |       |       |     1 |       ||     1
Evoke: Wand              |       |       |       |    12 |     4 ||    16
  Use: Potion            |       |       |     1 |     7 |     2 ||    10
       Scroll            |       |       |    19 |    10 |     9 ||    38
 Stab: Sleeping          |     4 |     6 |       |       |       ||    10
       Confused          |       |       |       |     1 |       ||     1
  Eat: Chunk             |    10 |    11 |    29 |    74 |   140 ||   264
       Meat ration       |       |       |       |     1 |       ||     1
       Pizza             |       |       |       |       |     3 ||     3
       Beef jerky        |       |       |       |       |     1 ||     1
Armor: Robe              |    40 |    40 |       |       |       ||    80
       Plate armour      |       |    38 |   295 |   272 |   717 ||  1322
Dodge: Dodged            |   108 |   135 |   199 |   185 |   380 ||  1007
       Deflected         |       |       |       |     4 |    17 ||    21
Block: Buckler           |       |       |    32 |   160 |   163 ||   355
       Other             |       |       |    13 |       |       ||    13
       Shield            |       |       |       |   354 |  1489 ||  1843
